AoeStats
← Just a chill guy

Arabian Desert

510249782Analyzed
1v1 RM · 2d ago on Sep 30, 2026· 20m 34s· 2 players
Game mode
Random Map
Map size
Tiny (2 player)
Population
200
Speed
Normal
Resources
Standard
Victory
Conquest
Starting age
Dark Age
Ending age
Imperial Age
RankedLock teamsTeams togetherTeam positionsShared explorationLock speedFull tech treeHidden civsTurbo modeCheats
Victory
Defeat
🇬🇧 Varangians · United Kingdom
1148
+17
🇨🇳 Khmer · China
1167
-17
Just a chill guy
6:39 Loom
8:54 Feudal Age
10:55 Bloodlines
20:10 Scale Barding Armor
22:23 Castle Age
20:59 Forging
20:50 Double-Bit Axe
20:52 Horse Collar
Super_TONY
6:55 Loom
7:07 Loom
10:33 Feudal Age
15:49 Castle Age
Connection lost

Rejoining the realm…

Still unreachable

The connection could not be restored.

Session expired

The server has moved on; the page needs a fresh start.